 Dungeon Crawl Stone Soup version 0.27.1-2-g3b301248ec (webtiles) character file.

Game seed: 7523731782570955737

14548 Borgoz the Fighter (level 12, 0/120 HPs)
             Began as a Gargoyle Berserker on Sept 24, 2021.
             Was an Elder of Trog.
             Slain by a blink frog (7 damage)
             ... on level 1 of the Lair of Beasts.
             The game lasted 00:16:20 (12666 turns).

Borgoz the Fighter (Gargoyle Berserker)            Turns: 12666, Time: 00:16:21

Health: 0/120      AC: 19    Str: 28    XL:     12   Next: 17%
Magic:  12/12      EV: 15    Int:  8    God:    Trog [****..]
Gold:   824        SH:  0    Dex: 13    Spells: 11/11 levels left

rFire    + . .     SeeInvis .   L - +0 dire flail
rCold    + . .     Faith    .   (shield currently unavailable)
rNeg     + . .     Spirit   .   B - +0 steam dragon scales
rPois    ∞         Reflect  .   l - +0 helmet
rElec    +         Harm     .   s - scarf {rC+ rF+}
rCorr    .         Rampage  .   (no gloves)
Will     ++...                  i - +0 pair of boots
Stlth    ..........             C - amulet of the acrobat
HPRegen  1.30/turn              c - +6 ring of strength
MPRegen  0.13/turn              g - +4 ring of slaying

@: berserking (expiring), strong-willed, regenerating, very quick
A: sickness immunity, AC +8, negative energy resistance 1, electricity
resistance, torment resistance 1, petrification resistance
a: Renounce Religion, Berserk, Trog's Hand, Brothers in Arms


You were on level 1 of the Lair of Beasts.
You worshipped Trog.
Trog was greatly pleased with you.
You visited 2 branches of the dungeon, and saw 13 of its levels.

You collected 824 gold pieces.

Inventory:

Hand Weapons
 L - a +0 dire flail (weapon)
Missiles
 w - 7 throwing nets (quivered)
Armour
 i - a +0 pair of boots (worn)
 l - a +0 helmet (worn)
 s - a scarf of resistance (worn)
 B - +0 steam dragon scales (worn)
Jewellery
 c - a +6 ring of strength (left hand)
 g - a +4 ring of slaying (right hand)
 q - a ring of resist corrosion
 r - a ring of protection from fire
 C - an amulet of the acrobat (around neck)
 M - a ring of ice
Wands
 b - a wand of mindburst (20)
 t - a wand of iceblast (17)
 z - a wand of paralysis (10)
 A - a wand of acid (11)
 E - a wand of flame (7)
Scrolls
 a - 2 scrolls of blinking {unknown}
 d - 3 scrolls of amnesia {unknown}
 e - 4 scrolls of immolation {unknown}
 f - a scroll of summoning {unknown}
 h - 2 scrolls of enchant armour {unknown}
 j - 2 scrolls of fog {unknown}
 k - 5 scrolls of teleportation {unknown}
 m - 4 scrolls of enchant weapon {unknown}
 o - a scroll of acquirement {unknown}
 y - 2 scrolls of silence {unknown}
 D - 2 scrolls of noise {unknown}
 J - 2 scrolls of vulnerability {unknown}
 K - a scroll of holy word {unknown}
Potions
 n - 4 potions of curing
 p - a potion of magic
 u - a potion of flight
 v - a potion of berserk rage
 F - 4 potions of ambrosia {unknown}
 G - a potion of mutation
 H - 2 potions of haste {unknown}
 I - a potion of might
 N - a potion of invisibility {unknown}


   Skills:
 + Level 11.1 Fighting
 + Level 10.2 Maces & Flails
 + Level 10.8 Armour
 + Level 8.4 Dodging


You had 11 spell levels left.
You didn't know any spells.
Your spell library was empty.

Dungeon Overview and Level Annotations

Branches:
Dungeon (12/15)            Temple (0/1) D:4            Lair (1/6) D:8
    Orc (0/2) D:11

Altars:
Ashenzari
Elyvilon
Fedhas
Nemelex Xobeh
Qazlal
Ru
Trog
Wu Jian
Xom
Yredelemnul
Zin
Beogh

Shops:
D:4 [   D:5 [

Annotations:
Lair:1 Urug


Innate Abilities, Weirdness & Mutations

You are immune to sickness and miasma.
Your stone body is resilient. (AC +8)
You are immune to poison.
You resist negative energy. (rN+)
You are resistant to electric shocks. (rElec)
You are resistant to unholy torment.
You are immune to petrification.


Message History

The blink frog barely misses you.
The blink frog blinks!
You impale Urug!!
Urug is moderately wounded.
Urug hits you with a +3 demon trident!
* * * LOW HITPOINT WARNING * * *
The blink frog closely misses you.
You completely miss Urug.
Urug is moderately wounded.
The blink frog blinks!
The blink frog barely misses you. Urug screams, "Damn your eyes!"
Urug misses you.
You completely miss Urug.
Urug is moderately wounded.
You closely miss Urug.
Urug is moderately wounded.
The blink frog misses you. Urug hits you with a +3 demon trident.
* * * LOW HITPOINT WARNING * * *
You closely miss Urug.
Urug is moderately wounded.
The blink frog hits you but does no damage.
You sock Urug!
Urug is heavily wounded.
Urug hits you with a +3 demon trident.
* * * LOW HITPOINT WARNING * * *
The blink frog closely misses you.
You bludgeon Urug!!
Urug is severely wounded.
The blink frog completely misses you.
You completely miss Urug.
Urug is severely wounded.
Urug hits you with a +3 demon trident!
* * * LOW HITPOINT WARNING * * *
You are too berserk!
You closely miss Urug.
Urug is severely wounded.
The blink frog misses you.
You closely miss Urug.
Urug is severely wounded.
Urug barely misses you. The blink frog hits you!
You die...

........####
.........#.#
...........#
...........##
.........#(.#
...........##
.........††.#
#.......†#F##
##[......@##
#......o##
...#....F.#
.........(.....
..8#...........
................
..##.......[....
. ....##.......
..... ....D..


You could see Urug and 2 blink frogs.

Vanquished Creatures
  Harold (D:7)
  Fannar (D:12)
  A hydra (Lair:1)
  3 two-headed ogres
  A cyclops (D:11)
  Joseph (D:10)
  An unseen horror (D:10)
  2 cane toads (Lair:1)
  A komodo dragon (D:10)
  2 trolls
  A hornet (D:9)
  4 wraiths
  14 yaks
  2 wyverns
  3 steam dragons
  Menkaure (D:7)
  2 wargs (D:8)
  5 water moccasins
  5 orc warriors
  3 ogres
  A hornet zombie (D:8)
  2 sky beasts
  2 black bears (D:9)
  2 centaurs
  2 gnoll sergeants
  A wyvern zombie (D:7)
  3 scorpions
  A water moccasin zombie (D:6)
  7 wights
  4 centaur zombies
  2 hounds
  4 orc priests
  3 jellies
  2 bullfrog skeletons
  A gnoll shaman (D:5)
  3 centaur skeletons
  2 iguanas
  11 orc wizards
  A killer bee zombie (D:6)
  A hound zombie (D:5)
  A hound skeleton (D:4)
  14 gnolls
  5 adders
  A shadow imp (D:6)
  3 white imps
  7 dart slugs
  27 orcs
  6 ball pythons
  15 endoplasms
  4 giant cockroaches
  11 goblins
  7 hobgoblins
  8 jackals
  8 quokkas
  8 bats
  4 frilled lizards
  12 kobolds
  4 rats (D:1)
254 creatures vanquished.

Vanquished Creatures (collateral kills)
  A hydra (D:11)
  A centaur zombie (D:11)
  A gargoyle (D:11)
3 creatures vanquished.

Vanquished Creatures (others)
  An orc (D:8)
  A goblin (D:3)
  7 plants (D:4)
9 creatures vanquished.

Grand Total: 266 creatures vanquished

Notes
Turn   | Place    | Note
-------+----------+-------------------------------------------
     0 | D:1      | Borgoz the Gargoyle Berserker began the quest for the Orb.
     0 | D:1      | Reached XP level 1. HP: 14/14 MP: 1/1
   193 | D:1      | Reached XP level 2. HP: 19/19 MP: 2/2
   531 | D:1      | Reached XP level 3. HP: 22/23 MP: 3/3
   554 | D:1      | Reached ** piety under Trog
   665 | D:1      | Found a faded altar of an unknown god.
  1435 | D:2      | Reached XP level 4. HP: 27/29 MP: 4/4
  1534 | D:2      | Reached skill level 4 in Fighting
  1897 | D:3      | Found a stormy altar of Qazlal.
  1911 | D:3      | You fall into a shaft and drop 2 floors!
  1911 | D:5      | Entered Level 5 of the Dungeon
  1914 | D:5      | Found an ornate altar of the Wu Jian Council.
  2048 | D:5      | Noticed a wraith
  2074 | D:5      | Killed a wraith
  2075 | D:5      | Reached XP level 5. HP: 28/34 MP: 5/5
  2075 | D:5      | Reached XP level 6. HP: 32/39 MP: 6/6
  2136 | D:4      | Found Doele's Armour Emporium.
  2159 | D:4      | Found a sparkling altar of Nemelex Xobeh.
  2213 | D:4      | Found a white marble altar of Elyvilon.
  2257 | D:3      | Found a blossoming altar of Fedhas.
  2790 | D:3      | Reached *** piety under Trog
  3627 | D:4      | Found a staircase to the Ecumenical Temple.
  3651 | D:4      | Reached skill level 5 in Fighting
  3725 | D:4      | Reached XP level 7. HP: 44/44 MP: 7/7
  4036 | D:5      | Reached skill level 5 in Maces & Flails
  4134 | D:5      | Reached skill level 5 in Armour
  4422 | D:5      | Found Beix's Armour Boutique.
  4518 | D:5      | Reached XP level 8. HP: 50/51 MP: 8/8
  4708 | D:5      | Reached skill level 6 in Fighting
  5437 | D:6      | Reached skill level 7 in Fighting
  5437 | D:6      | Reached XP level 9. HP: 46/57 MP: 9/9
  5874 | D:7      | Reached skill level 5 in Dodging
  6019 | D:7      | Reached **** piety under Trog
  6053 | D:7      | Noticed Harold
  6058 | D:7      | Paralysed by Harold for 3 turns
  6069 | D:7      | Killed Harold
  6070 | D:7      | Reached skill level 8 in Fighting
  6249 | D:7      | Found a broken altar of Ashenzari.
  6297 | D:7      | Found a shimmering altar of Xom.
  6322 | D:7      | Noticed Menkaure
  6334 | D:7      | Killed Menkaure
  6545 | D:7      | Reached XP level 10. HP: 53/64 MP: 10/10
  6729 | D:8      | Found a staircase to the Lair.
  7257 | D:8      | Found a sacrificial altar of Ru.
  7459 | D:8      | Reached skill level 9 in Fighting
  7900 | D:8      | Found a glowing silver altar of Zin.
  8421 | D:9      | Found a bloodstained altar of Trog.
  8509 | D:9      | Found a runed translucent door.
  8867 | D:9      | Reached XP level 11. HP: 67/72 MP: 11/11
  9188 | D:9      | Reached ***** piety under Trog
  9563 | D:10     | Entered Level 10 of the Dungeon
  9765 | D:10     | Noticed Joseph
  9777 | D:10     | Killed Joseph
 10065 | D:10     | Noticed a two-headed ogre
 10072 | D:10     | Reached skill level 10 in Fighting
 10077 | D:10     | Killed a two-headed ogre
 10646 | D:10     | Found a basalt altar of Yredelemnul.
 11094 | D:11     | Found a staircase to the Orcish Mines.
 11128 | D:11     | Noticed a four-headed hydra
 11135 | D:11     | HP: 3/72 [four-headed hydra (9)]
 11143 | D:11     | Killed a four-headed hydra
 11144 | D:11     | Reached skill level 10 in Armour
 11438 | D:11     | Noticed a two-headed ogre
 11446 | D:11     | Killed a two-headed ogre
 11851 | D:12     | Noticed Fannar
 11851 | D:12     | Noticed a cyclops
 11876 | D:11     | Killed a cyclops
 11979 | D:12     | Killed Fannar
 12161 | D:12     | Noticed a two-headed ogre
 12167 | D:12     | Killed a two-headed ogre
 12351 | D:12     | Noticed a death knight
 12517 | Lair:1   | Entered Level 1 of the Lair of Beasts
 12552 | Lair:1   | Reached skill level 10 in Maces & Flails
 12552 | Lair:1   | Reached XP level 12. HP: 47/79 MP: 12/12
 12562 | Lair:1   | HP: 5/118 [yak (7)]
 12566 | Lair:1   | Reached skill level 11 in Fighting
 12570 | Lair:1   | HP: 1/80 [cane toad (6)]
 12632 | Lair:1   | Noticed a four-headed hydra
 12653 | Lair:1   | Killed a four-headed hydra
 12655 | Lair:1   | Noticed Urug
 12664 | Lair:1   | HP: 6/120 [Urug (17)]
 12666 | Lair:1   | Slain by a blink frog

Illustrated notes

Levels and vault maps discovered:
D:1:      scummos_arrival_forest, layout_loops_ring,
          shapermc_ecumenical_altar_venn
D:2:      minmay_spotlight, layout_basic
D:3:      layout_loops_cross, nicolae_overflow_hidden_temple,
          grunt_qazlal_clouds, serial_glass, glass_columns_a, glass_columns_a,
          glass_columns_a, glass_columns_a, glass_columns_b, glass_columns_c,
          st_stairs_2, grunt_ministairs_2
D:4:      layout_basic, nemelex_xobeh_ov_fountains_minmay,
          nicolae_overflow_crystal_walls, minmay_temple_entry_overgrown,
          serial_shops, shop_fountains
D:5:      layout_gridville, nicolae_wu_jian_wuxing_cycle, serial_shops,
          nicolae_square_shop, minmay_hedge_maze,
          chequers_serial_rivers_small_a, kennysheep_generic_room_5
D:6:      layout_cave_pools
D:7:      layout_rooms, lemuel_crystal_altar,
          mainiacjoe_overflow_surrounded_room, wad_floor_pattern_untrapped,
          uniq_harold, uniq_menkaure
D:8:      layout_basic, zin_academy, nicolae_ru_great_annihilating_truth,
          erik_lair_orcish_takeover
D:9:      layout_rooms, trog_ov_bears_minmay, kennysheep_big_empty_room,
          lightli_church_of_beogh
D:10:     layout_roguey, mainiacjoe_overflow_alcove_2, minmay_starry_boxes,
          uniq_joseph
D:11:     layout_cave_pools, orc_0_dummy
D:12:     layout_cave_pools, nicolae_tso_swordbearing_angel, uniq_erolcha,
          uniq_fannar
Lair:1:   layout_cave_shapes, grunt_megastairs_5, uniq_gastronok, uniq_urug

Skill      XL: |  1  2  3  4  5  6  7  8  9 10 11 12 |
---------------+-------------------------------------+-----
Dodging        | 2 3 4 5 7 8 |  8.4
Fighting       | 4 5 7 8 9 10 11 | 11.1
Armour         | 3 4 5 6 7 9 10 | 10.8
Maces & Flails | 4 5 6 7 8 10 | 10.2

Action                   |  1- 3 |  4- 6 |  7- 9 | 10-12 || total
-------------------------+-------+-------+-------+-------++-------
Melee: Mace              |   107 |    49 |       |       ||   156
       Flail             |       |    94 |    17 |   153 ||   264
       Whip              |       |       |   283 |   199 ||   482
       Dire flail        |       |       |       |   102 ||   102
       Unarmed           |       |       |       |    11 ||    11
Invok: Berserk           |       |     1 |     6 |     9 ||    16
       Trog's Hand       |       |     1 |     2 |     5 ||     8
       Brothers in Arms  |       |       |       |     1 ||     1
Evoke: Wand              |       |       |       |     4 ||     4
  Use: Scroll            |       |       |     6 |     4 ||    10
       Potion            |       |       |       |     6 ||     6
 Stab: Sleeping          |       |       |     2 |     1 ||     3
       Paralysed         |       |       |       |     1 ||     1
Armor: Animal skin       |    38 |    38 |       |       ||    76
       Leather armour    |       |    50 |   116 |       ||   166
       Steam dragon scal |       |       |    45 |   252 ||   297
       Skin              |       |       |       |     1 ||     1
Dodge: Dodged            |    77 |   115 |   183 |   345 ||   720
